 Dungeon Crawl Stone Soup version 0.21-a0-72-gbbb65ab (webtiles) character file.

101 HAL9000 the Sneak (level 4, 0/23 HPs)
             Began as a Vine Stalker Assassin on June 19, 2017.
             Slain by a gnoll
             ... wielding a +0 spear
              (4 damage)
             ... on level 2 of the Dungeon on June 20, 2017.
             The game lasted 00:03:52 (2193 turns).

HAL9000 the Sneak (Vine Stalker Assassin)           Turns: 2193, Time: 00:03:52

Health: 0/23       AC:  3    Str: 14    XL:     4   Next: 75%
Magic:  0/5        EV: 11    Int: 11    God:
Gold:   50         SH:  0    Dex: 16    Spells: 3/3 levels left

rFire    . . .     SeeInvis .   a - +2 dagger
rCold    . . .     Gourm    .   (no shield)
rNeg     . . .     Faith    .   c - +0 robe
rPois    .         Spirit   +   (no helmet)
rElec    .         Reflect  .   d - +0 cloak
rCorr    .         Harm     .   (no gloves)
MR       .....                  (no boots)
Stlth    +++.......             (no amulet)
HPRegen  0.47/turn              (no ring)
MPRegen  0.09/turn              (no ring)

@: no status effects
A: fangs 2, regeneration 1, magic shield, antimagic bite, no potion heal 3, rot
immunity
a: no special abilities


You were on level 2 of the Dungeon.
You were not hungry.

You visited 1 branch of the dungeon, and saw 2 of its levels.

You collected 50 gold pieces.

Inventory:

Hand Weapons
 a - a +2 dagger (weapon)
 b - a +0 blowgun
Missiles
 e - 8 poisoned needles
 f - 2 curare-tipped needles
Armour
 c - a +0 robe (worn)
 d - a +0 cloak (worn)
Scrolls
 h - 2 scrolls of enchant armour {unknown}
 j - a scroll of noise {unknown}
 k - a scroll of immolation {unknown}
 q - a scroll of magic mapping {unknown}
 r - a scroll of amnesia {unknown}
 u - a scroll of random uselessness {unknown}
 v - a scroll of teleportation {unknown}
Potions
 i - a potion of curing {unknown}
 l - a potion of degeneration {unknown}
 o - a potion of agility {unknown}
 s - a potion of mutation {unknown}
Comestibles
 g - 2 bread rations
 m - 2 royal jellies
 n - a meat ration
 w - a chunk of flesh


   Skills:
 - Level 1.7 Fighting
 + Level 4.3 Short Blades
 - Level 1.7 Throwing
 - Level 0.7 Dodging
 - Level 4.8 Stealth


You had 3 spell levels left.
You didn't know any spells.

Dungeon Overview and Level Annotations

Branches:
Dungeon (2/15)

Altars:


Innate Abilities, Weirdness & Mutations

You have extremely sharp teeth.
Your natural rate of healing is unusually fast.
When hurt, damage is shared between your health and your magic reserves.
Your bite disrupts and absorbs the magic of your enemies.
Potions cannot restore your health.
You are immune to rotting.


Message History

The gnoll is too close now for your liking.
A gnoll is nearby!
The gnoll closely misses you.
You closely miss the gnoll. Your bite misses the gnoll.
The gnoll hits you with a spear!
You hit the gnoll. Your bite misses the gnoll.
The gnoll is lightly wounded.
You closely miss the gnoll.
The gnoll is lightly wounded.
The gnoll hits you with a spear!
You are too injured to fight recklessly!
Unknown command.
You completely miss the gnoll. You bite the gnoll, but do no damage.
The gnoll is lightly wounded.
The gnoll hits you with a spear!
* * * LOW HITPOINT WARNING * * *
You closely miss the gnoll. Your bite misses the gnoll.
The gnoll is lightly wounded.
The gnoll hits you with a spear.
You die...

##...# #.##..g.g..g############
#..######....######## #### #.##
#.....### ##... ##.# #.###...#
##..## #..##...# ###.#####
####..##. #.####..#
#.....#######........ .....##.#
######.##..........###
.....##...##..............#####
.....####......g@...#######
#.)....############## ########
#......#..≈≈##.### ######.......
##....###.≈≈..##.## #..##..######
#.....÷#≈≈≈≈.##.PP###......#
........≈≈≈≈...##PP##......#
#......#≈≈≈≈.....P###......#
##....###.≈≈..#.P.P##......######
#......#≈≈≈≈.#..##.#####.........


You could see a gnoll.

Vanquished Creatures
  3 gnolls
  2 adders (D:2)
  An ooze (D:1)
  3 leopard geckos
  11 bats
  3 giant cockroaches (D:1)
  7 goblins
  6 hobgoblins
  7 kobolds
  4 rats (D:2)
47 creatures vanquished.

Notes
Turn   | Place    | Note
-------+----------+-------------------------------------------
     0 | D:1      | HAL9000 the Vine Stalker Assassin began the quest for the Orb.
     0 | D:1      | Reached XP level 1. HP: 11/11 MP: 2/2
   382 | D:1      | Reached XP level 2. HP: 6/15 MP: 1/3
   712 | D:1      | Reached XP level 3. HP: 18/18 MP: 4/4
  1474 | D:2      | Upgraded the game from 0.21-a0-71-g5e5ddd2 to 0.21-a0-72-gbbb65ab
  1649 | D:1      | Gained mutation: Your natural rate of healing is unusually fast. [Vine Stalker growth]
  1649 | D:1      | Reached XP level 4. HP: 2/23 MP: 1/5
  2193 | D:2      | Slain by a gnoll

Vault maps used:
D:1:      lemuel_arrival_funnel, minmay_tetromino_s4
D:2:      wad_lake_hut

Skill      XL: |  1  2  3  4 |
---------------+-------------+-----
Short Blades   | 2 3 4 |  4.3
Fighting       | |  1.7
Throwing       | |  1.7
Dodging        | |  0.7
Stealth        | |  4.8

Action                   |  1- 3 |  4- 6 || total
-------------------------+-------+-------++-------
Melee: Dagger            |   102 |    48 ||   150
       Bite              |    22 |    11 ||    33
 Stab: Sleeping          |     9 |       ||     9
  Eat: Chunk             |     2 |     2 ||     4
Armor: Robe              |    22 |     6 ||    28
Dodge: Dodged            |    58 |    28 ||    86
